 Dungeon Crawl Stone Soup version 0.26-a0-720-g2a1d101370 (webtiles) character file.

Game seed: 6183471579177412737

59815 robertstho the Severer (level 14, 0/132 HPs)
             Began as a Minotaur Berserker on Nov 2, 2020.
             Was a High Priest of Trog.
             Slain by a soldier ant (9 damage)
             ... on level 5 of the Lair of Beasts.
             The game lasted 00:24:56 (18162 turns).

robertstho the Severer (Minotaur Berserker)        Turns: 18162, Time: 00:24:56

Health: 0/132      AC: -2    Str: 26    XL:     14   Next: 54%
Magic:  22/22      EV: 13    Int:  5    God:    Trog [*****.]
Gold:   925        SH:  0    Dex: 12    Spells: 13/13 levels left

rFire    . . .     SeeInvis +   H - +2 executioner's axe (flame)
rCold    . . .     Faith    .   (shield currently unavailable)
rNeg     . . .     Spirit   .   e - +5 chain mail of the Worm {rPois}
rPois    +         Reflect  .   Z - +3 hat of Spite {+Blink MR+}
rElec    +         Harm     .   h - +1 cloak of the Slightly Bent {Slay+3}
rCorr    .         Rampage  .   F - +0 pair of gloves of Living Brilliance {rElec}
MR       ++...                  J - +3 pair of boots "Cuik" {Str+2 SInv Stlth+}
Stlth    +.........             q - amulet of regeneration
HPRegen  0.72/turn              g - ring of magical power
MPRegen  0.18/turn              c - ring of stealth

@: corroded, berserk cooldown, slowed, very slow
A: retaliatory headbutt, horns 2
a: Berserk, Trog's Hand, Brothers in Arms, Renounce Religion, Evoke Blink


You were on level 5 of the Lair of Beasts.
You worshipped Trog.
Trog was extremely pleased with you.
You visited 2 branches of the dungeon, and saw 18 of its levels.
You also visited: Gauntlet and Volcano.

You collected 1399 gold pieces.
You spent 474 gold pieces at shops.

Inventory:

Hand Weapons
 H - a +2 executioner's axe of flaming (weapon)
Armour
 a - the +11 chain mail of the Lizard {+Inv}
   (You bought it in a shop on level 10 of the Dungeon)

   It lets you turn invisible.
 e - the +5 chain mail of the Worm (worn) {rPois}
   (You found it in a Gauntlet)

   It protects you from poison.
 h - the +1 cloak of the Slightly Bent (worn) {Slay+3}
   (You found it in a Gauntlet)

   It affects your accuracy and damage with ranged weapons and melee attacks
   (+3).
 B - a scarf of repulsion
 F - the +0 pair of gloves of Living Brilliance (worn) {rElec}
   (You found it in a Gauntlet)

   It insulates you from electricity.
 J - the +3 pair of boots "Cuik" (worn) {Str+2 SInv Stlth+}
   (You bought it in a shop on level 10 of the Dungeon)

   It affects your strength (+2).
   It lets you see invisible.
   It makes you more stealthy.
 O - a +2 cloak of fire resistance
 P - a +2 chain mail of fire resistance
 Z - the +3 hat of Spite (worn) {+Blink MR+}
   (You found it on level 4 of the Lair of Beasts)

   It affects your resistance to hostile enchantments.
   It lets you blink.
Jewellery
 c - a ring of stealth (right hand)
 d - an uncursed ring of fire {unknown}
 g - a ring of magical power (left hand)
 q - an amulet of regeneration (around neck)
 T - a cursed -4 ring of evasion {unknown}
 U - an uncursed ring of protection from magic {unknown}
 Y - an uncursed ring of flight {unknown}
Wands
 t - a wand of digging (8)
 E - a wand of disintegration (23)
 L - a wand of acid (6)
Scrolls
 b - 9 scrolls of remove curse
 f - 4 scrolls of blinking
 i - 7 scrolls of teleportation {unknown}
 j - 3 scrolls of immolation {unknown}
 k - 3 scrolls of amnesia {unknown}
 m - 4 scrolls of random uselessness {unknown}
 s - 8 scrolls of magic mapping
 w - 7 scrolls of enchant armour {unknown}
 y - a scroll of fear {unknown}
 z - 4 scrolls of noise {unknown}
 A - a scroll of fog {unknown}
 G - 3 scrolls of enchant weapon
Potions
 n - 5 potions of curing
 o - 5 potions of resistance
 p - 2 potions of haste
 v - 2 potions of cancellation
 x - 11 potions of ambrosia
 C - 3 potions of might
 D - 5 potions of flight
 M - 2 potions of stabbing {unknown}
 N - a potion of heal wounds
 Q - a potion of experience {unknown}
 R - a potion of mutation {unknown}
Miscellaneous
 I - a box of beasts (3/3)
 K - a phantom mirror


   Skills:
 * Level 14.1 Fighting
 * Level 20.5 Axes
 * Level 12.5 Armour
 * Level 9.5 Dodging
 + Level 1.6 Stealth


You had 13 spell levels left.
You didn't know any spells.
Your spell library was empty.

Dungeon Overview and Level Annotations

Branches:
Dungeon (13/15)            Temple (0/1) D:6            Lair (5/6) D:11
 Shoals (0/4) Lair:3       Spider (0/4) Lair:2          Orc (0/2) D:12
 Vaults (0/5) D:13        Volcano (visited)         Gauntlet (visited)
  Slime: Lair:5-6

Altars:
Ashenzari
Dithmenos
Elyvilon
Kikubaaqudgha
Ru
Sif Muna
Trog

Shops:
D:10 [


Innate Abilities, Weirdness & Mutations

You reflexively headbutt those who attack you in melee.
You have a pair of horns on your head.


Message History

Unknown command.
You closely miss the worker ant. You slice the queen ant!!
You burn the queen ant!
You kill the queen ant!
Trog accepts your kill.
You hit the soldier ant but do no damage.
The soldier ant stings you.
* * * LOW HITPOINT WARNING * * *
The worker ant closely misses you. You furiously retaliate!
You headbutt the worker ant!
You are no longer berserk.
You are exhausted.
You feel yourself slow down.
Your deep troll goes berserk!
Unknown command.
Your deep troll bites the worker ant!!
The worker ant dies!
Trog accepts your kill. The soldier ant stings you!
You die...

#.....P#. ........ .B
##......# #.##...P.#.#
.##.....=..#
......)††PP##
##J†...####
##†BT..###.#####
#.†@....##...8.##
##.....####.....##
#..†.## #8.<.8.#
#.#...# #.....##
###...# ##...##
#...######.+######
..P##...##.##.....(#.#
........###....8....#.
#P.......#...........#


You could see a soldier ant, a jelly and a friendly deep troll (summoned,
berserk).

Vanquished Creatures
  2 entropy weavers (Lair:5)
  Josephine (D:11)
  7 hydras
  A great orb of eyes (Gauntlet)
  A two-headed ogre (D:12)
  2 dancing weapons (D:13)
  A queen ant (Lair:5)
  8 death yaks
  Urug (Lair:5)
  Nergalle (Lair:2)
  2 unseen horrors
  3 swamp dragons (Lair:4)
  4 ugly things
  A deep elf mage (D:13)
  An oklob plant (D:11)
  2 cyclopes
  5 elephants
  An eye of devastation (Gauntlet)
  A molten gargoyle (Volcano)
  6 black mambas
  2 gargoyles (Volcano)
  8 cane toads
  A centaur skeleton (D:13)
  3 rime drakes
  9 komodo dragons
  3 meliai (D:13)
  A jumping spider (Lair:2)
  2 polar bears
  4 trolls
  A queen bee (D:13)
  7 blink frogs (Lair:4)
  A raiju (Gauntlet)
  A snapping turtle (Lair:3)
  A centaur simulacrum (D:13)
  A water elemental (D:13)
  A redback (Lair:2)
  5 wraiths
  31 yaks
  6 wyverns
  A fire elemental (Volcano)
  A golden eye (Gauntlet)
  The ghost of Scatman the Skirmisher, an amateur DsBe of Trog (D:3)
  Grum (D:9)
  2 steam dragons
  13 soldier ants
  An acid dragon (D:12)
  13 water moccasins
  5 orc warriors
  7 phantoms
  10 ice beasts
  3 sky beasts
  4 black bears
  3 eyes of draining
  16 wolves
  12 ogres
  4 centaurs
  3 big kobolds
  16 bullfrogs
  5 scorpions
  15 wights
  22 killer bees (D:13)
  3 howler monkeys
  A bullfrog zombie (D:5)
  A quasit (D:9)
  7 hounds
  10 orc priests
  3 jellies
  15 orc wizards
  A bullfrog skeleton (D:13)
  5 hell rats (Lair:4)
  22 worker ants
  4 iguanas
  Terence (D:2)
  2 lightning spires (Gauntlet)
  A bullfrog simulacrum (D:13)
  3 hound zombies
  2 hound skeletons
  A howler monkey zombie (D:5)
  A worker ant zombie (D:11)
  11 gnolls
  11 adders
  A shadow imp (D:5)
  9 white imps
  2 ufetubi
  4 oozes
  4 adder skeletons
  2 adder zombies
  4 worms
  6 dart slugs
  6 leopard geckos
  85 orcs
  8 giant cockroaches
  4 goblins
  5 hobgoblins
  3 quokkas
  A ball python (D:2)
  4 bats
  4 frilled lizards
  14 kobolds
  A leopard gecko skeleton (D:7)
  15 rats
584 creatures vanquished.

Vanquished Creatures (collateral kills)
  A minotaur (Gauntlet)
  4 elephants (Lair:3)
  Joseph (D:8)
  A black bear (D:8)
  A killer bee (D:13)
  A wight (D:8)
  A worker ant (Lair:5)
10 creatures vanquished.

Vanquished Creatures (others)
  A worker ant (D:13)
  6 kobolds (D:13)
  15 fungi
  33 plants
55 creatures vanquished.

Grand Total: 649 creatures vanquished

Notes
Turn   | Place    | Note
-------+----------+-------------------------------------------
     0 | D:1      | robertstho the Minotaur Berserker began the quest for the
                  | Orb.
     0 | D:1      | Reached XP level 1. HP: 19/19 MP: 0/0
    99 | D:1      | Reached XP level 2. HP: 14/27 MP: 1/1
   288 | D:1      | Reached skill level 4 in Axes
   778 | D:2      | Reached XP level 3. HP: 20/33 MP: 2/2
   935 | D:2      | Found a white marble altar of Elyvilon.
   941 | D:2      | Reached ** piety under Trog
  1107 | D:2      | Reached XP level 4. HP: 28/41 MP: 3/3
  1354 | D:2      | Noticed Terence
  1359 | D:2      | Killed Terence
  1359 | D:2      | Reached skill level 5 in Axes
  1555 | D:3      | Found a runed translucent gate.
  1555 | D:3      | Found a runed translucent gate.
  1555 | D:3      | Found a runed translucent gate.
  1907 | D:3      | Reached XP level 5. HP: 47/47 MP: 4/4
  2294 | D:3      | Found a shimmering blue altar of Sif Muna.
  2603 | D:3      | Noticed Scatman's ghost (amateur DsBe)
  2616 | D:3      | Killed Scatman's ghost
  2616 | D:3      | Reached skill level 5 in Fighting
  2616 | D:3      | Reached skill level 6 in Axes
  2616 | D:3      | Reached XP level 6. HP: 56/56 MP: 5/5
  2881 | D:4      | Reached *** piety under Trog
  2983 | D:4      | Noticed a moth of wrath
  2986 | D:4      | Found a bloodstained altar of Trog.
  3168 | D:4      | Reached skill level 7 in Axes
  3262 | D:4      | Reached XP level 7. HP: 58/61 MP: 6/6
  3364 | D:5      | Entered Level 5 of the Dungeon
  3419 | D:5      | Reached skill level 5 in Armour
  3665 | D:5      | Reached skill level 8 in Axes
  3958 | D:5      | Reached XP level 8. HP: 37/70 MP: 7/7
  4231 | D:5      | Reached **** piety under Trog
  4310 | D:5      | Found a broken altar of Ashenzari.
  4311 | D:5      | Found an ancient bone altar of Kikubaaqudgha.
  4324 | D:5      | Reached skill level 9 in Axes
  4762 | D:5      | Noticed a purple ugly thing
  4780 | D:5      | Killed a purple ugly thing
  4784 | D:5      | Reached skill level 10 in Axes
  5263 | D:6      | Reached XP level 9. HP: 79/79 MP: 8/8
  5953 | D:6      | Found a staircase to the Ecumenical Temple.
  6085 | D:6      | Reached skill level 11 in Axes
  6710 | D:7      | Reached skill level 5 in Dodging
  6764 | D:7      | Found a shadowy altar of Dithmenos.
  7452 | D:8      | Reached skill level 12 in Axes
  7452 | D:8      | Reached XP level 10. HP: 90/90 MP: 9/9
  7467 | D:8      | Reached ***** piety under Trog
  7581 | D:8      | Noticed Joseph
  7592 | D:8      | Killed Joseph
  8055 | D:8      | Reached skill level 13 in Axes
  8344 | D:9      | Noticed Grum
  8350 | D:9      | Killed Grum
  8864 | D:9      | Found a sacrificial altar of Ru.
  9021 | D:10     | Entered Level 10 of the Dungeon
  9061 | D:10     | Reached skill level 10 in Fighting
  9065 | D:10     | Received a gift from Trog
  9128 | D:10     | Reached skill level 14 in Axes
  9151 | D:10     | Found Bod Tisa's Antique Armour Shoppe.
  9154 | D:10     | Bought a translucent chain mail for 237 gold pieces
  9154 | D:10     | Bought a pair of crude boots for 237 gold pieces
  9164 | D:10     | Identified the +3 pair of boots "Cuik" {Str+2 SInv Stlth+}
                  | (You bought it in a shop on level 10 of the Dungeon)
  9179 | D:10     | Identified the +11 chain mail of the Lizard {+Inv} (You
                  | bought it in a shop on level 10 of the Dungeon)
  9663 | D:11     | Noticed an unseen horror
  9678 | D:11     | Killed an unseen horror
  9678 | D:11     | Reached XP level 11. HP: 99/100 MP: 10/10
  9701 | D:11     | Noticed an oklob plant
  9703 | D:11     | Found a staircase to the Lair.
  9719 | D:11     | Killed an oklob plant
  9919 | D:11     | Noticed a cyan ugly thing
  9933 | D:11     | Killed a cyan ugly thing
 10729 | D:11     | Reached skill level 15 in Axes
 10767 | D:11     | Noticed Josephine
 10786 | D:11     | Killed Josephine
 11367 | D:12     | Found a staircase to the Orcish Mines.
 11380 | D:12     | Reached skill level 10 in Armour
 11775 | D:12     | Noticed an unseen horror
 11778 | D:12     | Killed an unseen horror
 11810 | D:12     | Noticed a two-headed ogre
 11818 | D:12     | Killed a two-headed ogre
 12003 | D:12     | Reached skill level 16 in Axes
 12560 | D:13     | Received a gift from Trog
 12594 | D:13     | Reached XP level 12. HP: 62/110 MP: 11/11
 12644 | D:13     | Noticed a death yak
 12653 | D:13     | Killed a death yak
 12671 | D:13     | Found a gate to the Vaults.
 12710 | D:13     | Reached skill level 17 in Axes
 12711 | D:13     | HP: 4/112 [meliai/divine providence (10)]
 12725 | D:13     | Reached skill level 1 in Stealth
 12739 | D:13     | Found a gate leading to a gauntlet.
 12771 | Gauntlet | Entered a Gauntlet
 12771 | Gauntlet | Found a transporter.
 12771 | Gauntlet | Found a transporter.
 12771 | Gauntlet | Found a transporter.
 12901 | Gauntlet | Found a transporter.
 12904 | Gauntlet | Found a transporter.
 12904 | Gauntlet | Found a transporter.
 12918 | Gauntlet | Found a transporter.
 12918 | Gauntlet | Found a transporter.
 12926 | Gauntlet | Noticed a great orb of eyes
 12930 | Gauntlet | Found a transporter.
 12933 | Gauntlet | Found a transporter.
 12954 | Gauntlet | Found a transporter.
 12956 | Gauntlet | Found a transporter.
 13126 | Gauntlet | Got a twisted cloak
 13136 | Gauntlet | Identified the +1 cloak of the Slightly Bent {Slay+3} (You
                  | found it in a Gauntlet)
 13215 | Gauntlet | Killed a great orb of eyes
 13233 | Gauntlet | Got a pair of slimy gloves
 13243 | Gauntlet | Identified the +0 pair of gloves of Living Brilliance
                  | {rElec} (You found it in a Gauntlet)
 13258 | Gauntlet | Noticed a minotaur
 13264 | Gauntlet | Killed a minotaur
 13276 | Gauntlet | Got an encrusted chain mail
 13287 | Gauntlet | Identified the +5 chain mail of the Worm {rPois} (You found
                  | it in a Gauntlet)
 13500 | D:13     | Noticed a four-headed hydra
 13504 | D:13     | Killed a one-headed hydra
 13508 | D:13     | Reached skill level 18 in Axes
 13550 | D:13     | Identified the Disquisition on Attacks and Changing
 13725 | D:13     | Reached XP level 13. HP: 109/118 MP: 12/12
 14049 | Lair:1   | Entered Level 1 of the Lair of Beasts
 14284 | Lair:1   | Found a bloodstained altar of Trog.
 14843 | Lair:2   | Received a gift from Trog
 15207 | Lair:2   | Found a dark tunnel.
 15230 | Volcano  | Entered a volcano
 15556 | Lair:2   | Noticed Nergalle
 15564 | Lair:2   | Killed Nergalle
 15566 | Lair:2   | You fall into a shaft and drop 1 floor!
 15670 | Lair:3   | Reached skill level 19 in Axes
 15816 | Lair:3   | Found a staircase to the Shoals.
 16628 | Lair:2   | Found a hole to the Spider Nest.
 17191 | Lair:4   | Reached XP level 14. HP: 129/129 MP: 13/13
 17504 | Lair:4   | Found a transporter.
 17609 | Lair:4   | Found a transporter.
 17677 | Lair:4   | Reached skill level 20 in Axes
 17879 | Lair:4   | Got a smoking hat
 17887 | Lair:4   | Identified the +3 hat of Spite {+Blink MR+} (You found it
                  | on level 4 of the Lair of Beasts)
 18018 | Lair:5   | Noticed Urug
 18026 | Lair:5   | Killed Urug
 18127 | Lair:5   | Noticed an entropy weaver
 18134 | Lair:5   | Noticed an entropy weaver
 18139 | Lair:5   | Reached ****** piety under Trog
 18142 | Lair:5   | Killed an entropy weaver
 18155 | Lair:5   | Killed an entropy weaver
 18162 | Lair:5   | Slain by a soldier ant

Illustrated notes

Levels and vault maps discovered:
D:1:      kennysheep_arrival_seaside, layout_basic, serial_park_tiny_pond
D:2:      layout_basic, overflow_temple_1_default, uniq_terence
D:3:      layout_loops_cross, old_standard_altar, ebering_ghost_rock_garden
D:4:      layout_rooms, tgw_trog, grunt_decor_arrowhead
D:5:      layout_basic, gammafunk_temple_overflow_pools, nzn_random_ring
D:6:      layout_basic, minmay_temple_entry_glassed_door
D:7:      layout_cave_pools, grunt_dithmenos_smoke_and_mirrors
D:8:      layout_rooms, wad_floor_pattern_untrapped, grunt_ogre_cave,
          st_stairs_13, chequers_serial_rivers_micro_b, uniq_joseph
D:9:      layout_basic, kennysheep_little_box, uniq_grum
D:10:     layout_rooms, serial_shops, kennysheep_mini
D:11:     layout_roguey, dpeg_oklobed_lair, minmay_misc_feat_hallway,
          uniq_josephine
D:12:     layout_loops_corners, hiddenorc2_lemuel, kennysheep_generic_room_2
D:13:     layout_roguey [special_room_bee], erik_vaults_1, serial_ice,
          serial_ice_j, serial_ice_b, serial_ice_g, serial_ice_m, serial_ice_e,
          serial_ice_n, serial_ice_d, portal_ice_cave_rime,
          gauntlet_entry_generic, lemuel_another_geyser
Lair:1:   layout_regular_city, basic_altar, nicolae_quartered_pool_super,
          beast_lair_carwin_2
Lair:2:   layout_cave_pods, spider_nest_entry_funnel_web,
          nicolae_volcano_entry_lava_flow, beast_lair_carwin_8,
          lemuel_fruit_fields, uniq_nergalle
Lair:3:   layout_concentric_octagons, minmay_shoals_entry_hut,
          grunt_megastairs_4
Lair:4:   gammafunk_cloud_chamber, layout_regular_city
Lair:5:   layout_loops_ring, nicolae_slime_entry_slimehenge, minivault_29,
          grunt_megastairs_3, infiniplex_staircase_pool_2, uniq_urug

Skill      XL: |  1  2  3  4  5  6  7  8  9 10 11 12 13 14 |
---------------+-------------------------------------------+-----
Fighting       | 4 5 6 7 8 10 11 12 13 14 | 14.1
Axes           | 4 5 6 7 8 10 12 14 16 18 19 20 | 20.5
Armour         | 3 4 5 7 8 9 10 11 12 | 12.5
Dodging        | 3 4 5 6 7 8 9 |  9.5
Stealth        | 1 |  1.6

Action                   |  1- 3 |  4- 6 |  7- 9 | 10-12 | 13-15 || total
-------------------------+-------+-------+-------+-------+-------++-------
Melee: Hand axe          |    75 |    24 |       |       |       ||    99
       Headbutt          |    14 |    19 |    49 |   112 |    70 ||   264
       War axe           |       |    76 |   232 |       |       ||   308
       Battleaxe         |       |       |    29 |   418 |       ||   447
       Executioner's axe |       |       |       |   140 |   301 ||   441
Invok: Berserk           |       |     4 |     7 |     6 |     4 ||    21
       Brothers in Arms  |       |       |       |     4 |     2 ||     6
       Trog's Hand       |       |       |       |     3 |       ||     3
 Abil: Evoke Invisibilit |       |       |       |     1 |       ||     1
  Use: Scroll            |       |     3 |     4 |    11 |       ||    18
       Potion            |       |       |       |     4 |       ||     4
 Stab: Invisible         |       |       |       |    10 |       ||    10
       Distracted        |       |       |       |     1 |       ||     1
Armor: Chain mail        |    45 |    50 |   129 |   260 |   192 ||   676
       Plate armour      |       |       |    15 |    96 |       ||   111
Dodge: Dodged            |    30 |    47 |   122 |   314 |   244 ||   757
       Repelled          |       |       |       |     2 |       ||     2

Table legend: (Time is in decaauts)
 A = Elapsed time spent in this place.
 B = Non-inter-level travel time spent in this place.
 C = Inter-level travel time spent in this place.
 D = Time resting spent in this place.
 E = Time spent auto-exploring this place.
 F = Levels seen in this place.
 G = Mean time per level.
                   A        B        C        D        E       F      G
               +--------+--------+--------+--------+--------+-----+--------+
         Total |  18428 |  17752 |    676 |    660 |  13782 |  20 |  921.4 |
       Dungeon |  13665 |  13121 |    544 |    637 |  10217 |  13 | 1051.2 |
          Lair |   3868 |   3737 |    131 |      0 |   3106 |   5 |  773.6 |
       Volcano |    293 |    293 |      0 |      0 |    140 |   1 |  293.0 |
      Gauntlet |    601 |    601 |      0 |     23 |    318 |   1 |  601.0 |
               +--------+--------+--------+--------+--------+-----+--------+

Top non-repeatable levels by time:
     D:5: 1767 daAuts
    D:11: 1647 daAuts
     D:6: 1446 daAuts
    D:12: 1343 daAuts
  Lair:4: 1100 daAuts
     D:2: 1097 daAuts
  Lair:2: 1041 daAuts
     D:7: 939 daAuts
    D:13: 904 daAuts
     D:3: 893 daAuts
     D:9: 878 daAuts
     D:1: 777 daAuts
  Lair:3: 749 daAuts
  Lair:1: 736 daAuts
     D:8: 722 daAuts
